wizbiz, neutral female human Wizard ------------- ------------ |............##########|........... ---------- |...........| #|{.........| |........| |...........|# #|..........-######## |..[<[...| |...........|# #|..........| ## |........| --------|----# #...........+ # ##---|------ # # #---.-------- ######### ### # # ## # # # ### # # k # # # --.-+---- ##### # # |.d.....| -.------ ##`# +#######-..ddd..| |......| ### ---------- # |...f@... |.......######### |........| # |.......| |......| # ###|........-############## --------- |......|###### #-........| -------- ---------- wizbiz the Conjurer Experience level: 4 Strength: 10 Dexterity: 17 Constitution: 14 Intelligence: 18 Wisdom: 9 Charisma: 10 Health: 0(25) Energy: 33(33) Def: 2 Gold: 591 Moves: 1969 Dungeon seed: jLvrxgj-e6eVetFf Game ID: wizbiz_1526923236 Your Inventory: Coins $ - 591 gold pieces Amulets z - an uncursed amulet of unchanging S - a cursed amulet of ESP (being worn) Weapons a - a blessed +1 quarterstaff (weapon in hands) F - a cursed +0 orcish dagger Armor e - an uncursed +0 cloak of magic resistance (being worn) n - a cursed -1 orcish helm (being worn) r - an uncursed +0 pair of low boots (being worn) Comestibles B - an uncursed fortune cookie D - a cursed fortune cookie E - 6 cursed food rations Scrolls j - an uncursed scroll of confuse monster q - an uncursed scroll of enchant armor s - a blessed scroll of light J - a cursed scroll of punishment K - a cursed scroll of remove curse Spellbooks k - a blessed spellbook of force bolt l - an uncursed spellbook of charm monster v - an uncursed spellbook of turn undead H - a cursed spellbook of create monster I - a blessed spellbook of force bolt Potions f - an uncursed potion of restore ability g - an uncursed potion of levitation h - an uncursed potion of oil m - an uncursed potion of extra healing u - a cursed potion of paralysis w - a blessed potion of levitation L - a cursed potion of confusion M - a cursed potion of gain ability O - 2 uncursed potions of blindness Rings c - an uncursed ring of poison resistance d - an uncursed ring of warning P - a cursed ring of polymorph control Q - a cursed ring of cold resistance Wands b - a wand of cold (0:6) C - a cursed wand of speed monster (0:7) R - a cursed wand of probing (0:8) Tools t - an uncursed towel x - an uncursed leash (in use) Gems y - an uncursed worthless piece of orange glass N - an uncursed worthless piece of violet glass Y - a cursed worthless piece of white glass Spells and supernatural/magical abilities: Name Level Category Fail Memory a - force bolt 1 attack 0% 91% e - charm monster 3 enchantment 6% 91% T - turn undead 6 clerical 100% 96% W - pray for help -- divine ? -- Your skills at the end: Fighting Skills Weapon Skills quarterstaff [Basic] Spellcasting Skills attack spells [Basic] enchantment spells [Basic] Final Attributes: You were piously aligned. You were magic-protected. You were confused. You were telepathic. You are dead. Vanquished creatures: a ghost a kitten a dwarf zombie 2 iguanas 3 coyotes a gnome zombie a gecko 8 jackals a fox a goblin 2 sewer rats 3 grid bugs 2 lichens a kobold zombie 6 newts 34 creatures vanquished. Voluntary challenges: You used a wielded weapon 23 times, starting on turn 169. You read items or engraved 55 times, starting on turn 936. You never genocided any monsters. You never polymorphed an object. You never changed form. You used no wishes. You never split a pudding. You wrote Elbereth's name 1 time, starting on turn 936. You never violated your personal moral code. Dungeon overview: The Dungeons of Doom: levels 1 to 5 Level 1 a fountain a long staircase Level 2 stairs to The Gnomish Mines Level 3 an armor shop Level 4 a general store Level 5 <- You were here a fountain The Gnomish Mines: Level 3 stairs to The Dungeons of Doom History has recorded: On T:1 you entered the Dungeons of Doom to retrieve the Amulet of Yendor! On T:138 you reached level 2 of The Dungeons of Doom. On T:418 you reached level 3 of The Dungeons of Doom. On T:655 you reached level 1 of The Gnomish Mines. On T:939 you reached level 4 of The Dungeons of Doom. On T:1091 you advanced to experience level 2. On T:1097 you reached level 5 of The Dungeons of Doom. On T:1111 you advanced to experience level 3. On T:1583 you advanced to experience level 4. Score breakdown: Gold: 591 ( 9430 points) Experience: 4 levels ( 9649 points) Exploration: 5 levels ( 10.87%) ( 8944 points) Discoveries: 5 items ( 1.73%) ( 3946 points) Valuables value: (no points given unless you survive) Artifact value: 0 ( 0 points) Variety of kills: 15 monsters ( 3.94%) ( 5952 points) Turncount: 1969 turns ( 0 points) Survival: died (score multiplied by 80%) Total score: 30336 Latest messages: The kitten bites the werejackal. The werejackal bites! The kitten misses the werejackal. The kitten bites the werejackal. The werejackal bites! The kitten misses the werejackal. The werejackal bites! The kitten misses the werejackal. (2x) The werejackal bites! The kitten misses the werejackal. The dart hits the werejackal. The werejackal bites! The kitten misses the werejackal. The kitten bites the werejackal. The werejackal misses the kitten. The werejackal bites! The kitten misses the werejackal. The dart hits the werejackal. The werejackal summons help! The werejackal bites! The kitten bites the werejackal. The kitten misses the werejackal. The jackal misses the kitten. The werejackal bites! You die... Final status: Goodbye wizbiz the Wizard, killed by a werejackal, while frozen by a spellbook... You died in The Dungeons of Doom on dungeon level 5 with 30336 points, and 591 pieces of gold, after 1969 moves. You were level 4 with a maximum of 25 hit points when you died.